 Dungeon Crawl Stone Soup version 0.21.1-1-g345015f (webtiles) character file.

221 Fang the Chopper (level 5, -4/33 HPs)
             Began as a Gargoyle Berserker on June 11, 2018.
             Was a Priest of Trog.
             Slain by Sigmund
             ... wielding a +0 scythe
              (8 damage)
             ... on level 4 of the Dungeon.
             The game lasted 00:02:20 (2919 turns).

Fang the Chopper (Gargoyle Berserker)               Turns: 2919, Time: 00:02:20

Health: -4/33      AC:  6    Str: 22    XL:     5   Next: 98%
Magic:  5/5        EV: 12    Int:  7    God:    Trog [***...]
Gold:   137        SH:  0    Dex:  9    Spells: 4/4 levels left

rFire    . . .     SeeInvis .   a - +0 hand axe
rCold    . . .     Gourm    .   (no shield)
rNeg     + . .     Faith    .   b - +0 animal skin
rPois    ∞         Spirit   .   (no helmet)
rElec    +         Reflect  .   (no cloak)
rCorr    .         Harm     .   (no gloves)
MR       .....                  (no boots)
Stlth    +.........             (no amulet)
HPRegen  0.11/turn              (no ring)
MPRegen  0.09/turn              (no ring)

@: confused, berserk cooldown, slowed, very slow
A: negative energy resistance 1, electricity resistance, unbreathing,
petrification resistance, rot immunity, AC +4
a: Berserk, Trog's Hand, Burn Spellbooks, Renounce Religion


You were on level 4 of the Dungeon.
You worshipped Trog.
Trog was most pleased with you.
You were near starving.

You visited 1 branch of the dungeon, and saw 4 of its levels.

You collected 137 gold pieces.

Inventory:

Hand Weapons
 a - a +0 hand axe (weapon)
Armour
 b - a +0 animal skin (worn)
Wands
 t - a wand of digging (22)
Scrolls
 d - 6 scrolls of remove curse {unknown}
 f - 2 scrolls of teleportation {unknown}
 g - 2 scrolls of magic mapping {unknown}
 i - 2 scrolls of identify {unknown}
 j - 2 scrolls of enchant weapon {unknown}
 n - a scroll of blinking {unknown}
 q - a scroll of amnesia {unknown}
 r - a scroll of enchant armour {unknown}
Potions
 e - 2 potions of lignification {unknown}
 h - a potion of might {unknown}
 k - a potion of berserk rage {unknown}
 l - 2 potions of haste
 m - a potion of agility {unknown}
 o - 2 potions of curing {unknown}
 p - a potion of degeneration {unknown}
 s - 2 potions of heal wounds {unknown}
Comestibles
 c - 3 rations


   Skills:
 + Level 4.2 Fighting
 + Level 4.5 Axes
 + Level 2.3 Armour
 + Level 2.7 Dodging
 + Level 1.3 Stealth


You had 4 spell levels left.
You didn't know any spells.

Dungeon Overview and Level Annotations

Branches:
Dungeon (4/15)
 Temple: D:4-7

Altars:
Dithmenos
Ru
Xom

Annotations:
D:4 Sigmund


Innate Abilities, Weirdness & Mutations

You are resistant to torment.
Your stone body is resilient. (AC +4)
You are immune to poison.
You resist negative energy. (rN+)
You are resistant to electric shocks. (rElec)
You can survive without breathing.
You are immune to petrification.
You are immune to rotting.


Message History

You are no longer berserk.
You are exhausted.
You feel yourself slow down. Something barely misses you.
Items here: )) [[ † a mace; a leather armour; a war axe; a scale mail; an orc corpse Something hits you.
You slash something! Something barely misses you.
You hear some strange, mumbled words.
You are confused.
You hit something. Something hits you but does no damage.
You hear some strange, mumbled words.
A puff of flame appears from out of thin air!
The puff of flame hits you!
You hit something. Something barely misses you.
You hear some strange, mumbled words.
A puff of flame appears from out of thin air!
The puff of flame hits you!
* * * LOW HITPOINT WARNING * * *
You miss something. Something hits you!
You die...

.................
.########........
#........
#.......#
#.####### #.#
##)#### #...[.#
#..@))# #..{..#
#........
........####
.........#
#..........
#...........
####.......##


There were no monsters in sight!

Vanquished Creatures
  A bullfrog skeleton (D:4)
  An orc wizard (D:3)
  Ijyb (D:4)
  3 adders
  2 oozes
  A worm (D:2)
  3 dart slugs
  A leopard gecko (D:1)
  9 orcs
  A ball python (D:1)
  5 giant cockroaches
  5 goblins
  10 hobgoblins
  10 jackals
  6 kobolds
  10 bats
  A frilled lizard (D:3)
  10 rats
80 creatures vanquished.

Notes
Turn   | Place    | Note
-------+----------+-------------------------------------------
     0 | D:1      | Fang the Gargoyle Berserker began the quest for the Orb.
     0 | D:1      | Reached XP level 1. HP: 14/14 MP: 1/1
   204 | D:1      | Reached XP level 2. HP: 15/19 MP: 2/2
   578 | D:1      | Reached XP level 3. HP: 20/24 MP: 3/3
   602 | D:1      | Reached ** piety under Trog
  1347 | D:2      | Reached XP level 4. HP: 5/29 MP: 4/4
  1663 | D:2      | Found a shimmering altar of Xom.
  1663 | D:2      | Found a shadowy altar of Dithmenos.
  2272 | D:3      | Reached skill level 1 in Stealth
  2310 | D:3      | Reached *** piety under Trog
  2376 | D:3      | Found a sacrificial altar of Ru.
  2465 | D:3      | HP: 2/43 [orc wizard/dagger (2)]
  2467 | D:3      | Reached XP level 5. HP: 2/33 MP: 5/5
  2853 | D:4      | Noticed Ijyb
  2886 | D:4      | Killed Ijyb
  2892 | D:4      | Noticed Sigmund
  2919 | D:4      | Slain by Sigmund

Skill      XL: |  1  2  3  4 |
---------------+-------------+-----
Axes           | 3 4 |  4.5
Dodging        | 2 |  2.7
Stealth        | 1 |  1.3
Fighting       | 4 |  4.2
Armour         | |  2.3

Action                   |  1- 3 |  4- 6 || total
-------------------------+-------+-------++-------
Melee: Hand axe          |   131 |   152 ||   283
Invok: Berserk           |       |     2 ||     2
 Stab: Sleeping          |     3 |       ||     3
  Eat: Chunk             |     1 |     6 ||     7
Armor: Animal skin       |    54 |    87 ||   141
Dodge: Dodged            |   131 |   115 ||   246
